 Dungeon Crawl Stone Soup version 0.23.0 (webtiles) character file.

Game seed: 16431946744571238158

394 zishaf the Ducker (level 6, -2/44 HPs)
             Began as a Merfolk Gladiator on Feb 12, 2019.
             Was a Follower of Hepliaklqana.
             Slain by a worker ant (5 damage)
             ... on level 4 of the Dungeon.
             The game lasted 00:04:57 (2827 turns).

zishaf the Ducker (Merfolk Gladiator)               Turns: 2827, Time: 00:04:58

Health: -2/44      AC:  7    Str: 17    XL:     6   Next: 82%
Magic:  0/6        EV: 12    Int:  7    God:    Hepliaklqana [*.....]
Gold:   119        SH:  0    Dex: 15    Spells: 5/5 levels left

rFire    + . .     SeeInvis .   b - +4 whip (venom)
rCold    x . .     Gourm    .   (no shield)
rNeg     . . .     Faith    .   s - +0 scale mail
rPois    .         Spirit   +   c - +0 helmet
rElec    .         Reflect  .   (no cloak)
rCorr    .         Harm     .   (no gloves)
MR       .....                  (no boots)
Stlth    ..........             e - amulet of guardian spirit
HPRegen  0.14/turn              k - ring of fire
MPRegen  0.10/turn              (no ring)

@: lethally poisoned (-2 -> -6), slowed, drained, very slow
A: change form in water, swift swim, stealthy swim, reduced essence
a: Recall Ancestor, Ancestor Identity, Renounce Religion


You were on level 4 of the Dungeon.
You worshipped Hepliaklqana.
Hepliaklqana was aware of your devotion.
You were not hungry.

You visited 1 branch of the dungeon, and saw 4 of its levels.

You collected 119 gold pieces.

Inventory:

Hand Weapons
 a - a +0 trident
 b - a +4 whip of venom (weapon)
 w - a +0 blowgun
Missiles
 d - 3 throwing nets {!f}
 i - 126 stones
 q - 23 poisoned needles
 v - 2 tomahawks (quivered)
Armour
 c - a +0 helmet (worn)
 l - a +0 leather armour
 s - a +0 scale mail (worn)
Jewellery
 e - an amulet of guardian spirit (around neck)
 k - a ring of fire (left hand)
 x - a +2 amulet of reflection {unknown}
Scrolls
 g - a scroll of teleportation {unknown}
 m - 5 scrolls of identify {unknown}
 n - a scroll of fear {unknown}
 o - a scroll of enchant weapon {unknown}
 p - a scroll of noise {unknown}
 r - 2 scrolls of remove curse {unknown}
Potions
 h - a potion of heal wounds {unknown}
 j - 3 potions of lignification {unknown}
 u - 3 potions of degeneration {unknown}
Comestibles
 f - 8 rations
 t - 9 chunks of flesh


   Skills:
 + Level 4.6(3.9) Fighting
 - Level 5.3(4.6) Polearms
 - Level 2.0(1.3) Throwing
 + Level 2.3(1.6) Armour
 + Level 6.4(5.6) Dodging


You had 5 spell levels left.
You didn't know any spells.
Your spell library was empty.

Dungeon Overview and Level Annotations

Branches:
Dungeon (4/15)
 Temple: D:4-7

Altars:
Hepliaklqana
Sif Muna
Uskayaw


Message History

The orc wizard gestures at you while chanting.
The magic dart hits you. Something hits you but does no damage.
You feel drained. The worker ant bites you.
Cipactli hits the orc wizard but does no damage.
The orc wizard misses you. Something hits you.
You feel drained.
You closely miss the worker ant.
The worker ant is lightly wounded.
You feel sick. The worker ant closely misses you.
The orc wizard points at you and mumbles some strange words.
The magic dart hits you!
Cipactli completely misses the orc wizard.
The worker ant barely misses you. The howler monkey hits you.
Something hits Cipactli.
The orc priest mumbles some strange prayers to Beogh against you.
Beogh smites you!
* * * LOW HITPOINT WARNING * * *
The orc wizard barely misses you.
* * * LOW HITPOINT WARNING * * *
You feel sick. The orc wizard barely misses you. The worker ant bites you.
You die...

#....................
##............#####..
#..............##..#
#...................
##...........#######
#...........# #
#.....####..# ##### .
#.o...# #..# #...รท ...
#.@R.## #..# #.###
...o.##a{h.## ##.# #.# #
#...o....## #.###'###
#....o......## #.'......
#.####..###...###.###'###
#..# ##...##.# #.# #
#...# #.......# #.###
#.##.# ###.....# #...'
#.$ #.# ####..# #####


You could see the friendly Cipactli the ancestor, a howler monkey, a worker ant,
an orc priest, an orc wizard and an orc.

Vanquished Creatures
  An orc wizard (D:3)
  An orc priest (D:3)
  A bullfrog skeleton (D:4)
  A worker ant (D:4)
  4 gnolls (D:3)
  3 adders
  A worm (D:3)
  3 dart slugs
  3 leopard geckos (D:2)
  4 orcs
  A ball python (D:1)
  5 bats
  4 giant cockroaches
  7 goblins
  12 hobgoblins
  8 kobolds
  4 quokkas (D:3)
  3 frilled lizards
  5 rats
71 creatures vanquished.

Vanquished Creatures (collateral kills)
  An ogre (D:4)
  An orc wizard (D:3)
  2 adders
  An adder skeleton (D:3)
  An orc (D:3)
  A kobold (D:3)
  A bat (D:3)
  A frilled lizard (D:3)
9 creatures vanquished.

Vanquished Creatures (others)
  An ancestor (D:3)
  4 toadstools (D:1)
5 creatures vanquished.

Grand Total: 85 creatures vanquished

Notes
Turn   | Place    | Note
-------+----------+-------------------------------------------
     0 | D:1      | zishaf the Merfolk Gladiator began the quest for the Orb.
     0 | D:1      | Reached XP level 1. HP: 16/16 MP: 1/1
    97 | D:1      | Reached XP level 2. HP: 22/23 MP: 2/2
   133 | D:1      | Reached skill level 5 in Polearms
   431 | D:1      | Reached XP level 3. HP: 28/28 MP: 3/3
  1113 | D:2      | Found a deep blue altar of Sif Muna.
  1155 | D:2      | Reached XP level 4. HP: 27/35 MP: 2/4
  1294 | D:2      | Found a hazy altar of Hepliaklqana.
  1316 | D:2      | Became a worshipper of Hepliaklqana the Forgotten
  1564 | D:2      | Reached skill level 5 in Dodging
  1863 | D:3      | Reached skill level 1 in Armour
  1887 | D:3      | Reached XP level 5. HP: 17/36 MP: 3/5
  2184 | D:3      | Reached XP level 6. HP: 17/43 MP: 3/6
  2432 | D:3      | Found a faded altar of an unknown god.
  2542 | D:3      | Found a hide-covered altar of Uskayaw.
  2711 | D:4      | Reached * piety under Hepliaklqana
  2743 | D:4      | Reached skill level 6 in Dodging
  2827 | D:4      | Slain by a worker ant

Skill      XL: |  1  2  3  4  5  6 |
---------------+-------------------+-----
Polearms       | 5 |  5.3
Fighting       | 3 4 |  4.6
Dodging        | 5 6 |  6.4
Armour         | 1 2 |  2.3
Throwing       | |  2.0

Action                   |  1- 3 |  4- 6 || total
-------------------------+-------+-------++-------
Melee: Trident           |    63 |    32 ||    95
       Whip              |    32 |   104 ||   136
  Eat: Chunk             |     1 |     5 ||     6
Armor: Leather armour    |    18 |     3 ||    21
       Scale mail        |       |    41 ||    41
Dodge: Dodged            |    53 |   111 ||   164
